 Dungeon Crawl Stone Soup version 0.28-a0-1234-g826d19b2e0 (webtiles) character file.

Game seed: 9648222152924643663

800189 frimble the Metallomancer (level 27, -1/233 HPs)
             Began as a Demonspawn Warper on Dec 23, 2021.
             Was the Champion of Cheibriados.
             Killed from afar by an ancient lich (80 damage)
             ... with a crystal spear
             ... on level 22 of a ziggurat on Dec 24, 2021.
             The game lasted 03:04:53 (76367 turns).

frimble the Metallomancer (Demonspawn Warper)      Turns: 76367, Time: 03:04:54

Health: -1/233     AC: 35    Str: 29    XL:     27
Magic:  9/40       EV: 24    Int: 51    God:    Cheibriados [******]
Gold:   10512      SH: 21    Dex: 28    Spells: 20/52 levels left

rFire   . . .      SeeInvis .   v - +9 rapier of the Dancing Gnat {drain, +Blink rC+}
rCold   + + .      Faith    .   j - +5 kite shield {AC+3}
rNeg    + + +      Spirit   .   C - +4 troll leather armour
rPois   ∞          Reflect  .   l - +5 hat of the Freezing Wumpus {+Blink Fly Stlth+}
rElec   +          Harm     .   Z - +3 cloak "Jelutoop" {+Inv rElec Int+2}
rCorr   +          Rampage  .   (gloves unavailable)
Will    +++++                   r - +4 pair of boots of Intuition {Will+}
Stlth   ++++++....              N - amulet of magic regeneration
HPRegen 1.28/turn               t - +6 ring of intelligence
MPRegen 0.67/turn               s - ring "Safa" {rN+ Will+ Str+2 Slay+5}

@: lich-form, flying, studying 3 skills, very slow
A: draining attack, torment immunity, no potions, claws 3, yellow scales 3,
demonic guardian 3, augmentation 3, demonic magic 3, talons 1, electricity
resistance
}: 5/15 runes: barnacled, silver, golden, abyssal, gossamer
a: End Transformation, Renounce Religion, Evoke Blink, Evoke Invisibility, Bend
Time, Temporal Distortion, Slouch, Step From Time


You were on level 22 of a ziggurat.
You worshipped Cheibriados.
Cheibriados was exalted by your worship.
You were an undead lich.
You visited 13 branches of the dungeon, and saw 56 of its levels.
You visited the Abyss 3 times.
You visited 2 ziggurats, and saw 35 of their levels (deepest: 22).
You also visited: Sewer.

You collected 12474 gold pieces.
You spent 1962 gold pieces at shops.

Inventory:

Hand Weapons
 v - the +9 rapier of the Dancing Gnat (weapon) {drain, +Blink rC+}
   (You found it on level 4 of the Dungeon)

   A truly terrible weapon, it drains the life of any living foe it strikes.
   rC:        It protects you from cold.
   +Blink:    It lets you blink.
Missiles
 m - 2 silver boomerangs (quivered)
 q - 5 throwing nets
 D - 19 curare-tipped darts
 O - 8 javelins
Armour
 j - a +5 kite shield of protection (worn)
 l - the +5 hat of the Freezing Wumpus (worn) {+Blink Fly Stlth+}
   (You found it on level 8 of a ziggurat)

   Fly:       It grants you flight.
   +Blink:    It lets you blink.
   Stlth:     It makes you more stealthy.
 r - the +4 pair of boots of Intuition (worn) {Will+}
   (You found it on level 15 of the Dungeon)

   Will:      It increases your willpower.
 C - a +4 troll leather armour (worn)
 V - the +0 pair of boots of Sauni {Regen+}
   (You found it on level 3 of the Tomb of the Ancients)

   Regen:     It increases your rate of health regeneration.
 Z - the +3 cloak "Jelutoop" (worn) {+Inv rElec Int+2}
   (You found it on level 3 of the Elven Halls)

   Int:       It affects your intelligence (+2).
   rElec:     It insulates you from electricity.
   +Inv:      It lets you turn invisible.
Jewellery
 f - the amulet of Iddulithaa {+Blink Will+ Regen+ Stlth+}
   (You found it on level 3 of the Crypt)

   [amulet of regeneration]

   +Blink:    It lets you blink.
   Regen:     It increases your rate of health regeneration.
   Will:      It increases your willpower.
   Stlth:     It makes you more stealthy.
 p - a ring of protection from fire
 s - the ring "Safa" (right claw) {rN+ Will+ Str+2 Slay+5}
   (You found it on level 3 of the Crypt)

   [ring of positive energy]

   Str:       It affects your strength (+2).
   Slay:      It affects your accuracy & damage with ranged weapons and melee
   (+5).
   rN:        It protects you from negative energy.
   Will:      It increases your willpower.
 t - a +6 ring of intelligence (left claw)
 w - the ring "Xaankoam" {Wiz rF+++ Will- rCorr Str-4}
   (You found it on level 21 of a ziggurat)

   [ring of wizardry]

   It improves your spell success rate.
   Str:       It affects your strength (-4).
   rF:        It renders you almost immune to fire.
   rCorr:     It protects you from acid and corrosion.
   Will:      It decreases your willpower.
 N - an amulet of magic regeneration (around neck)
Wands
 y - a wand of charming (29)
 z - a wand of iceblast (32)
 P - a wand of digging (27)
Scrolls
 c - 9 scrolls of blinking
 d - 8 scrolls of silence
 e - 3 scrolls of immolation
 h - 8 scrolls of enchant weapon
 o - 13 scrolls of teleportation
 A - a scroll of brand weapon
 E - 9 scrolls of enchant armour
 H - 23 scrolls of amnesia
 J - 20 scrolls of magic mapping
 K - 21 scrolls of fog
 X - 4 scrolls of fear
Potions
 b - a potion of berserk rage
 g - 8 potions of curing
 i - 2 potions of resistance
 k - 4 potions of cancellation
 n - 7 potions of might
 u - 11 potions of flight
 B - 11 potions of lignification
 F - 19 potions of mutation
 G - 2 potions of invisibility
 L - 16 potions of attraction
 R - 6 potions of brilliance
 T - 7 potions of heal wounds
 U - 4 potions of ambrosia
 Y - 3 potions of magic
Miscellaneous
 a - a phantom mirror
 I - a box of beasts
 Q - a tin of tremorstones (inert)
 S - a condenser vane


   Skills:
 - Level 22.4 Fighting
 - Level 13.7(14.0) Short Blades
 - Level 3.8(9.7) Long Blades
 - Level 12.0 Throwing
 - Level 1.0 Armour
 - Level 12.0 Dodging
 - Level 10.0 Stealth
 - Level 15.0 Shields
 + Level 20.6 Unarmed Combat
 - Level 13.0 Spellcasting
 - Level 17.0 Necromancy
 - Level 7.0 Translocations
 - Level 17.0 Transmutations
 - Level 24.0 Earth Magic
 - Level 14.6 Invocations
 - Level 12.0 Evocations


You had 20 spell levels left.
You knew the following spells:

 Your Spells              Type           Power      Damage    Failure   Level
a - Blink                 Tloc           100%       N/A       1%          2
b - Statue Form           Tmut/Erth      84%        N/A       1%          6
c - Passage of Golubria   Tloc           81%        N/A       1%          4
d - Shatter               Erth           67%        3d50*     3%          9
e - Passwall              Tmut/Erth      100%       N/A       0%          2
f - Necromutation         Tmut/Necr      71%        N/A       4%          8
g - Apportation           Tloc           100%       N/A       1%          1

Your spell library contained the following spells:

 Spells                   Type           Power      Damage    Failure   Level
 Animate Skeleton         Necr           100%       N/A       0%          1
 Beastly Appendage        Tmut           100%       N/A       0%          1
 Sandblast                Erth           100%       2d20      0%          1
 Sublimation of Blood     Necr           100%       N/A       0%          2
 Stone Arrow              Conj/Erth      100%       3d13      0%          3
 Animate Dead             Necr           71%        N/A       0%          4
 Dispel Undead            Necr           100%       3d31      0%          4
 Petrify                  Tmut/Erth      100%       N/A       0%          4
 Blade Hands              Tmut           59%        N/A       0%          5
 Borgnjor's Vile Clutch   Necr/Erth      76%        N/A       0%          5
 Lee's Rapid Deconstruct  Erth           67%        3d32*     0%          5
 Freeze                   Ice            100%       1d11      1%          1
 Shock                    Conj/Air       100%       1d9       1%          1
 Slow                     Hex            100%       N/A       1%          1
 Sting                    Tmut/Pois      100%       1d8       1%          1
 Summon Small Mammal      Summ           100%       N/A       1%          1
 Call Imp                 Summ           33%        N/A       1%          2
 Corpse Rot               Necr/Air       100%       N/A       1%          2
 Ensorcelled Hibernation  Hex/Ice        66%        N/A       1%          2
 Poisonous Vapours        Pois/Air       66%        N/A       1%          2
 Scorch                   Fire           66%        2d8       1%          2
 Searing Ray              Conj           66%        2d6       1%          2
 Static Discharge         Conj/Air       33%        N/A       1%          2
 Call Canine Familiar     Summ           33%        N/A       1%          3
 Confusing Touch          Hex            33%        N/A       1%          3
 Conjure Flame            Conj/Fire      33%        6-21      1%          3
 Dazzling Flash           Conj/Hex       66%        N/A       1%          3
 Frozen Ramparts          Ice            66%        1d8       1%          3
 Gell's Gravitas          Tloc           81%        N/A       1%          3
 Ignite Poison            Fire/Tmut/Pois 74%        N/A       1%          3
 Inner Flame              Hex/Fire       33%        N/A       1%          3
 Lesser Beckoning         Tloc           81%        N/A       1%          3
 Mephitic Cloud           Conj/Pois/Air  33%        N/A       1%          3
 Ozocubu's Armour         Ice            33%        N/A       1%          3
 Portal Projectile        Hex/Tloc       100%       N/A       1%          3
 Spider Form              Tmut/Pois      88%        N/A       1%          3
 Summon Guardian Golem    Hex/Summ       33%        N/A       1%          3
 Swiftness                Air            33%        N/A       1%          3
 Teleport Other           Tloc           81%        N/A       1%          3
 Tukima's Dance           Hex            33%        N/A       1%          3
 Animate Armour           Summ/Erth      100%       N/A       1%          4
 Ice Form                 Ice/Tmut       88%        N/A       1%          4
 Iskenderun's Mystic Bla  Conj/Tloc      62%        2d13      1%          4
 Leda's Liquefaction      Hex/Erth       50%        N/A       1%          4
 Alistair's Intoxication  Tmut/Pois      58%        N/A       1%          5
 Excruciating Wounds      Necr           71%        N/A       1%          5
 Irradiate                Conj/Tmut      44%        3d28      1%          5
 Manifold Assault         Tloc           81%        N/A       1%          5
 Yara's Violent Unravell  Hex/Tmut       44%        3d17      1%          5
 Death Channel            Necr           71%        N/A       1%          6
 Iron Shot                Conj/Erth      50%        9d10      1%          6
 Dragon Form              Tmut           59%        N/A       1%          7
 Eringya's Noxious Bog    Tmut/Pois      44%        N/A       3%          6
 Simulacrum               Ice/Necr       55%        N/A       3%          6
 Summon Forest            Summ/Tloc      31%        N/A       4%          5
 Borgnjor's Revivificati  Necr           71%        N/A       4%          8
 Dispersal                Tloc           40%        N/A       6%          6
 Airstrike                Air            16%        N/A       7%          4
 Cause Fear               Hex            16%        N/A       7%          4
 Flame Wave               Conj/Fire      33%        2d7       7%          4
 Fulminant Prism          Conj/Hex       16%        3d11      7%          4
 Hailstorm                Conj/Ice       33%        3d8       7%          4
 Olgreb's Toxic Radiance  Pois           33%        N/A       7%          4
 Sticky Flame             Conj/Fire      33%        2d5       7%          4
 Summon Ice Beast         Ice/Summ       33%        N/A       7%          4
 Summon Lightning Spire   Summ/Air       33%        N/A       7%          4
 Storm Form               Tmut/Air       44%        N/A       17%         7
 Fireball                 Conj/Fire      16%        3d8       19%         5
 Freezing Cloud           Conj/Ice/Air   16%        6-21      19%         5
 Iskenderun's Battlesphe  Conj           33%        2d9       19%         5
 Lightning Bolt           Conj/Air       16%        1d30      19%         5
 Metabolic Englaciation   Hex/Ice        16%        N/A       19%         5
 Silence                  Hex/Air        16%        N/A       19%         5
 Summon Mana Viper        Hex/Summ       33%        N/A       19%         5
 Lehudib's Crystal Spear  Conj/Erth      50%        10d12     32%         8
 Death's Door             Necr           71%        N/A       54%         9
 Conjure Ball Lightning   Conj/Air       16%        3x3d6     71%         6
 Starburst                Conj/Fire      16%        6d6       71%         6
 Summon Cactus Giant      Summ           16%        N/A       71%         6
 Disjunction              Tloc           40%        N/A       94%         8
 Monstrous Menagerie      Summ           16%        N/A       99%         7
 Orb of Destruction       Conj           16%        9d8       99%         7
 Ozocubu's Refrigeration  Ice            16%        4d8       99%         7
 Spellforged Servitor     Conj/Summ      16%        N/A       99%         7
 Summon Hydra             Summ           16%        N/A       99%         7
 Discord                  Hex            16%        N/A       100%        8
 Maxwell's Capacitive Co  Air            16%        ∞         100%        8
 Chain Lightning          Conj/Air       16%        3d22      100%        9
 Dragon's Call            Summ           16%        N/A       100%        9
 Fire Storm               Conj/Fire      16%        8d4       100%        9
 Polar Vortex             Ice            16%        N/A       100%        9


Dungeon Overview and Level Annotations

Branches:
Dungeon (15/15)            Temple (1/1) D:5            Lair (6/6) D:11
 Shoals (4/4) Lair:3       Spider (4/4) Lair:3        Slime (0/5) Lair:5
    Orc (2/2) D:9             Elf (3/3) Orc:2        Vaults (5/5) D:13
  Crypt (3/3) Vaults:3       Tomb (3/3) Crypt:3      Depths (4/4) D:15
   Hell (visited)             Dis (0/7) Hell            Geh (0/7) Hell
    Coc (0/7) Hell            Tar (0/7) Hell            Zot (5/5) Depths:4
  Sewer (visited)

Altars:
Ashenzari
Cheibriados
Dithmenos
Elyvilon
Fedhas
Gozag
Hepliaklqana
Kikubaaqudgha
Makhleb
Nemelex Xobeh
Okawaru
Qazlal
Ru
Sif Muna
Trog
Uskayaw
Vehumet
Wu Jian
Xom
Yredelemnul
Zin
The Shining One
Beogh
Jiyva

Shops:
D:1 (   D:9 (   Orc:2 :(*[!   Elf:1 :   Elf:2 (   Elf:3 [   Shoals:1 ?
Vaults:2 (   Vaults:3 !   Depths:1 *

Portals:
Hell: Depths:1 Depths:2 Depths:3 Depths:4
Abyss: Depths:1 Depths:3
Pandemonium: Depths:2

Annotations:
Lair:5 1 runed translucent door
Lair:6 exclusion: obsidian statue
Elf:1 6 runed translucent doors
Elf:2 3 runed translucent doors
Crypt:1 3 runed translucent doors, Uroast's ghost, veteran MiGl
Depths:1 3 runed translucent doors


Innate Abilities, Weirdness & Mutations

You are an undead lich.
Your unarmed attacks are suffused with negative energy.
You are immune to unholy pain and torment.
Your necromantic spells are more powerful.
You cannot drink.
You are immune to poison.
You have claws for hands.
You are completely covered in yellow scales. (AC +4, rCorr)
A powerful demonic guardian rushes to your aid.
Your magical and physical power is greatly enhanced at high health.
Spells you cast and wands you use may paralyse nearby enemies.
You have sharp toenails.
You are resistant to electric shocks. (rElec)


Message History

The black draconian knight looks as sick as possible!
The yellow draconian annihilator spits acid at you.
The glob of acid hits something!
The acid corrodes something!
The acid splashes onto something!
The acid splashes onto the black draconian knight!
The black draconian knight is splashed with acid.
Reactivating autopickup.
You feel a bit more experienced. The naga mage spits poison at you.
The splash of poison hits you but does no damage.
The naga mage points at the naga mage and mumbles some strange words.
The naga mage seems to grow toxic.
The demonspawn blood saint is engulfed in poison gas.
The demonspawn blood saint is poisoned.
A demonspawn blood saint comes into view.
It is wielding a +0 dagger and wearing a +2 robe of willpower.
The necromancer is engulfed in poison gas.
The necromancer looks even sicker.
A deep elf sorcerer comes into view.
It is wielding a +1 short sword of draining.
You hear a shout!
Your condenser vane has recharged.
Aiming: Iceblast
Press: ? - help, Shift-Dir - straight line, f - black draconian knight
Aim: a black draconian knight, wielding a +0 battleaxe and wearing a +0 cloak (poison gas, almost dead, soul bound, paralysed, extremely poisoned)
The mass of ice explodes!
The iceblast engulfs the black draconian knight!!
You kill the black draconian knight!
The iceblast engulfs something!
Cheibriados thoroughly appreciates the change of pace.
You feel a bit more experienced.
The iceblast engulfs the ancient lich!
The ancient lich partially resists.
The ancient lich is severely damaged.
Malevolent energies surge around you.
The draconian annihilator simulacrum suddenly stops moving!
A freezing mist starts to gather...
A draconian knight simulacrum comes into view.
The demonspawn blood saint is engulfed in poison gas.
The demonspawn blood saint looks even sicker.
The ancient lich gestures at you while chanting.
The crystal spear hits you!!!!
You die...

§§§§...............▓
§§§§...............▓▓
§§§§................▓
☼§§§§...............▓
)§6§§.....§.........▓
§§N§§§..............▓
e§p§§§§Z..§.........▓▓
§§N§Z§LLZ.........∩..▓
6§N)§§§§............▓▓
)Nq..§§§............▓
.Z§§................▓
)§§Z................▓
.§§Z................▓
...................▓▓
...................▓


You could see an ancient lich (fast), 2 demonspawn blood saints, a yellow
draconian annihilator (poisoned), a deep elf sorcerer (soul bound), a
necromancer (very poisoned), 4 naga magi, a deep elf annihilator simulacrum, a
draconian annihilator simulacrum (paralysed), a draconian knight simulacrum, a
draconian scorcher simulacrum, a tengu reaver simulacrum (paralysed) and a
salamander mystic simulacrum.

Vanquished Creatures
  2 dread liches
  7 ancient liches
  Mara (Crypt:2)
  4 juggernauts
  46 royal mummies
  Boris (thrice) (Depths:3 Depths:4 Crypt:2)
  Saint Roka (Depths:1)
  A shard shrike (Zig:10)
  A pandemonium lord (Zig:9)
  A curse toe (Zot:1)
  A caustic shrike (Zig:5)
  Geryon (Hell)
  8 golden dragons
  Jory (Crypt:2)
  Arachne (Spider:4)
  A Tzitzimitl (Zig:9)
  3 electric golems
  A shard shrike zombie (Crypt:1)
  3 hellephants
  3 Ice Fiends (Zig:10)
  12 liches
  14 tentacled monstrosities
  A Hell Sentinel (Zig:9)
  A tainted leviathan (Hell)
  Asterion (Vaults:1)
  4 deep elf blademasters
  6 quicksilver dragons
  5 titans
  13 acid blobs
  6 deep elf master archers
  A kraken (Shoals:3)
  A walking divine tome (Depths:2)
  6 death cobs
  An Executioner (Abyss:4)
  An eldritch tentacle (Tomb:3)
  8 sphinxes
  2 tentacled starspawn
  11 ancient champions
  Donald (Spider:4)
  4 storm dragons
  12 draconian monks
  Ilsuiw (Shoals:3)
  9 shadow dragons
  18 tengu reavers
  Roxanne (Shoals:1)
  8 revenants
  12 draconian knights
  A demonspawn warmonger (Zig:9)
  4 nagarajas
  7 fire giants
  8 rockslimes
  7 azure jellies
  12 deep elf sorcerers
  10 frost giants
  3 iron dragons
  An azure jelly (shapeshifter) (Elf:2)
  The ghost of AigisTheKnight the Zephyrmancer, a journeyman DrAE of Vehumet (Shoals:2)
  16 vault wardens
  A quicksilver elemental (Zig:5)
  7 orc warlords
  16 draconian scorchers
  Louise (Spider:1)
  4 spectral caustic shrikes (Depths:3)
  6 draconian stormcallers
  A nargun (Zig:10)
  A caustic shrike zombie (Zig:15)
  18 ghost moths
  13 draconian shifters
  9 emperor scorpions
  A balrug (Hell)
  4 curse skulls
  5 deep elf elementalists
  A juggernaut zombie (Depths:1)
  5 demonspawn blood saints
  3 war gargoyles
  2 caustic shrike skeletons
  20 draconian annihilators
  9 quicksilver oozes
  25 ironbound preservers
  41 very ugly things
  4 reapers
  11 ironbound thunderhulks
  10 vampire knights
  16 stone giants
  Nessos (D:14)
  14 bennus
  11 green draconians
  2 demonspawn black suns
  12 black draconians
  11 deep elf demonologists
  5 entropy weavers
  15 yellow draconians
  11 spark wasps
  9 deep elf annihilators
  12 dire elephants
  8 purple draconians
  3 wendigos (Zig:10)
  A putrid mouth (Hell)
  14 red draconians
  17 white draconians
  4 iron golems
  2 green deaths (Hell)
  21 deep elf death magi
  6 eidola
  41 mummy priests
  14 ettins
  The ghost of Sapheram the Carver, a journeyman DsGl of Okawaru (D:15)
  A quicksilver dragon zombie (Tomb:3)
  7 merfolk javelineers
  18 yaktaur captains
  13 jiangshi
  3 blizzard demons
  15 great orbs of eyes
  4 deep elf high priests
  2 rakshasas
  8 merfolk impalers
  Fannar (Lair:1)
  13 hydras
  4 fire dragons
  13 boulder beetles
  Erolcha (Orc:2)
  5 hell beasts
  A fenstrider witch zombie (Abyss:2)
  9 ice dragons
  2 spriggan air magi
  2 quicksilver dragon skeletons
  3 catoblepae
  A peacekeeper (Vaults:3)
  A ghost crab (Zig:11)
  2 ogre magi
  39 vault guards
  14 centaur warriors
  5 two-headed ogres
  7 alligator snapping turtles
  12 ironbound frosthearts
  5 merfolk avatars
  21 dancing weapons
  12 hell hogs
  2 alligators (Shoals:2)
  6 merfolk aquamancers
  3 death knights
  4 satyrs
  11 death yaks
  2 tengu warriors
  3 deep troll shamans
  50 death scarabs
  2 deep troll earth magi
  11 thrashing horrors
  9 vampire magi
  6 spriggan berserkers
  12 orc high priests
  3 wretched stars
  16 deep elf knights
  8 sun demons
  8 hell knights
  4 spriggans
  5 soul eaters
  2 storm dragon zombies
  Sonja (D:12)
  A death drake (Abyss:2)
  A spatial maelstrom (Abyss:4)
  2 sixfirhies (Abyss:2)
  10 iron trolls
  7 shadow wraiths
  A fire crab (Lair:6)
  A goliath frog (Shoals:2)
  A titan skeleton (Crypt:1)
  2 golden dragon zombies
  20 skeletal warriors
  3 salamander mystics
  A spark wasp zombie (Depths:1)
  3 anaconda zombies
  10 sea snakes
  62 deep trolls
  A shadow demon (Zig:9)
  8 starcursed masses
  8 flayed ghosts
  6 bog bodies (Crypt:3)
  A spriggan simulacrum (Zig:10)
  10 ironbound convokers
  10 deep elf archers
  3 obsidian statues (Zig:6)
  24 wizards
  5 glowing orange brains
  9 lindwurms
  26 deep elf zephyrmancers
  An iron giant skeleton (Crypt:1)
  33 deep elf pyromancers
  14 orc knights
  A harpy (shapeshifter) (Zig:12)
  13 phantasmal warriors
  An anaconda skeleton (Crypt:3)
  16 necromancers
  3 orange crystal statues
  15 orc sorcerers
  4 harpies (Shoals:1)
  2 shining eyes (Zig:19)
  A tengu zombie (Zig:21)
  2 sphinx zombies
  A shadow dragon skeleton (Zig:15)
  A tengu skeleton (Depths:1)
  40 ugly things
  35 wolf spiders
  An iron dragon zombie (Zig:12)
  38 moths of wrath
  14 manticores
  12 fauns
  A salamander (Depths:3)
  35 orb spiders
  3 centaur zombies
  6 cyclopes
  A draconian skeleton (Abyss:2)
  7 merfolk sirens
  A frost giant skeleton (D:15)
  An ice statue (Hell)
  2 worldbinders (Abyss:2)
  A sphinx skeleton (Zig:7)
  An apocalypse crab (Abyss:4)
  3 water nymphs (Shoals:4)
  7 naga magi
  10 elephants
  6 rust devils
  A dire elephant zombie (Crypt:2)
  20 vault sentinels
  7 spriggan zombies
  5 black mambas
  7 eyes of devastation
  4 molten gargoyles (Hell)
  20 smoke demons
  3 rime drakes
  6 torpor snails
  2 gargoyles
  5 efreet (Zot:4)
  A storm dragon simulacrum (Zig:15)
  2 hellions
  Psyche (D:12)
  12 komodo dragons
  22 cane toads
  An unseen horror (Abyss:2)
  A green draconian zombie (Crypt:2)
  An alligator snapping turtle skeleton (Tomb:1)
  An ice devil (Depths:2)
  3 tormentors
  3 freezing wraiths
  A kobold demonologist (D:14)
  32 yaktaurs
  2 hellwings (Abyss:4)
  An anaconda simulacrum (Hell)
  30 demonic crawlers
  A purple draconian skeleton (Crypt:2)
  92 guardian mummies
  A harpy zombie (Tomb:3)
  A tengu conjurer (Depths:3)
  An iron troll skeleton (Crypt:2)
  A meliai (Zig:14)
  A red devil (Zig:9)
  12 trolls
  47 jumping spiders
  19 large abominations
  A meliai (shapeshifter) (Elf:1)
  4 tyrant leeches
  2 hydra zombies
  6 ancient zymes
  3 polar bears
  2 raiju (Abyss:2)
  16 merfolk
  28 hornets
  49 slime creatures
  2 hydra skeletons (Hell)
  12 wind drakes
  6 dream sheep
  2 alligator zombies (Hell)
  20 blink frogs
  A blink frog (shapeshifter) (Vaults:5)
  A slime creature (shapeshifter) (Vaults:2)
  A death drake skeleton (Crypt:3)
  12 snapping turtles
  12 small abominations
  79 flying skulls
  9 ynoxinuls
  30 water elementals
  59 redbacks
  A spriggan skeleton (Zig:4)
  3 wraiths
  An alligator skeleton (Hell)
  A shadow (D:9)
  37 yaks
  39 tarantellas
  A satyr skeleton (Crypt:1)
  A vampire (Abyss:1)
  7 air elementals
  27 ushabtiu
  4 golden eyes
  2 wyverns
  7 basilisks
  8 fire elementals
  4 hogs (D:14)
  2 steam dragons
  5 chaos spawn
  8 neqoxecs
  13 vampire mosquitoes
  A sea snake simulacrum (Hell)
  2 swamp worms (shapeshifter)
  3 wargs
  A warg (shapeshifter) (Vaults:5)
  2 acid dragons (D:11)
  Duvessa (D:7)
  20 water moccasins
  A two-headed ogre skeleton (Crypt:3)
  3 hell hounds
  A naga skeleton (Abyss:2)
  62 orc warriors
  2 floating eyes (Zig:19)
  An ice beast (D:7)
  An ice beast (shapeshifter) (Vaults:5)
  4 wolves
  A necrophage (D:6)
  4 boggarts (Vaults:4)
  An elephant zombie (Crypt:1)
  24 ogres
  17 centaurs
  An elephant skeleton (Lair:6)
  A hog skeleton (Crypt:3)
  A gnoll sergeant (D:4)
  A palentonga zombie (Crypt:1)
  8 bullfrogs
  An earth elemental (Elf:3)
  A naga simulacrum (Tomb:1)
  2 scorpions (Lair:3)
  Dowan (D:7)
  A queen bee zombie (Crypt:2)
  A raiju zombie (Crypt:2)
  11 wights
  A yak skeleton (Crypt:3)
  3 vampire bats (Orc:2)
  2 howler monkeys
  A wolf zombie (Crypt:2)
  4 electric eels
  4 crimson imps (D:13)
  2 jellies
  A bullfrog skeleton (D:5)
  29 orc priests
  3 hounds
  2 centaur skeletons
  4 iguanas
  2 iron imps
  Jessica (D:2)
  8 hell rats
  A scorpion zombie (Crypt:2)
  4 lightning spires (Zig:21)
  33 orc wizards
  An ogre zombie (Crypt:1)
  A felid skeleton (Crypt:2)
  107 mummies
  Robin (D:2)
  A howler monkey zombie (D:5)
  4 adders
  6 gnolls
  2 white imps
  An ufetubus (D:7)
  An adder zombie (Crypt:3)
  A halfling zombie (Crypt:1)
  An adder skeleton (D:5)
  An iguana skeleton (Crypt:3)
  8 worms
  3 dart slugs
  106 orcs
  5 ball pythons
  A bat skeleton (Crypt:1)
  6 endoplasms
  10 giant cockroaches
  9 hobgoblins
  2 quokkas
  14 bats
  3 frilled lizards
  17 goblins
  A hobgoblin skeleton (Crypt:2)
  3 kobolds
  A kobold zombie (Crypt:1)
  5 rats
  A fire vortex (Depths:3)
  A starspawn tentacle (Abyss:4)
3279 creatures vanquished.

Vanquished Creatures (collateral kills)
  A royal mummy (Tomb:1)
  Margery (Vaults:2)
  2 tentacled monstrosities
  4 acid blobs
  Polyphemus (Shoals:3)
  An azure jelly (Zig:18)
  A storm dragon (Zot:1)
  A tengu reaver (Zig:16)
  A draconian knight (Zot:2)
  A ghost moth (Spider:4)
  A frost giant (Depths:2)
  A draconian scorcher (Zot:1)
  A draconian shifter (Zot:3)
  An ironbound preserver (Vaults:1)
  A draconian stormcaller (Zig:20)
  A war gargoyle (Hell)
  A vampire knight (Depths:1)
  Azrael (D:14)
  A putrid mouth (Hell)
  3 dire elephants
  A yellow draconian (Zot:1)
  2 spark wasps (Spider:4)
  2 jiangshi (Depths:1)
  A deep elf death mage (Elf:1)
  2 yaktaur captains
  A merfolk impaler (Shoals:4)
  Snorg (D:10)
  4 great orbs of eyes (Zig:19)
  A peacekeeper (Vaults:4)
  Harold (D:7)
  A boulder beetle (Spider:2)
  2 merfolk aquamancers (Shoals:4)
  An ogre mage (D:10)
  A two-headed ogre (D:10)
  A satyr (Shoals:4)
  A titan zombie (Crypt:2)
  A death yak (Lair:6)
  A vampire mage (Depths:1)
  A deep elf knight (Elf:1)
  A hell knight (Vaults:2)
  2 sun demons (Depths:1)
  A shadow wraith (Vaults:5)
  2 deep trolls
  2 bog bodies (Crypt:3)
  A deep troll (shapeshifter) (Depths:2)
  A deep elf archer (Elf:3)
  A deep elf zephyrmancer (Elf:1)
  An orc knight (Vaults:1)
  A deep elf pyromancer (Elf:2)
  2 shining eyes
  3 orb spiders
  5 ugly things
  A wolf spider (Spider:4)
  2 large abominations
  A moth of wrath (Zot:3)
  A rust devil (Hell)
  14 slime creatures
  A centaur zombie (D:11)
  4 elephants
  2 water nymphs (Shoals:4)
  2 cane toads
  A spriggan zombie (Depths:1)
  An eye of devastation (Zig:18)
  An unseen horror (Depths:1)
  A yaktaur (Vaults:4)
  2 komodo dragons
  2 demonic crawlers
  6 guardian mummies
  A troll (D:9)
  2 wind drakes (Shoals:4)
  2 jumping spiders (Spider:4)
  2 hornets (Spider:4)
  3 blink frogs
  3 dream sheep (Lair:5)
  A flying skull (Tomb:2)
  A wraith (D:11)
  An air elemental (Shoals:4)
  2 ushabtiu (Crypt:3)
  2 water elementals (Shoals:4)
  A ynoxinul (Abyss:4)
  A hog (D:14)
  A redback (Spider:4)
  4 yaks
  A spriggan skeleton (D:15)
  A wyvern (Lair:6)
  A steam dragon (D:10)
  A death yak simulacrum (Lair:6)
  A chaos spawn (Depths:1)
  2 orc warriors
  3 wolves (Lair:2)
  An elephant skeleton (Lair:6)
  A centaur (D:7)
  A bullfrog (Lair:1)
  A wight (D:9)
  3 howler monkeys (D:9)
  4 orc priests
  2 iguanas (D:6)
  2 orc wizards
  A small abomination (Depths:1)
  3 mummies
  6 orcs
  An endoplasm (D:3)
  A kobold (D:3)
181 creatures vanquished.

Vanquished Creatures (others)
  An ancient lich (Zig:22)
  Kirke (D:14)
  A tengu reaver (Depths:4)
  A draconian knight (Zot:1)
  A frost giant (Depths:4)
  A draconian stormcaller (Zot:1)
  A vampire knight (Depths:4)
  A red draconian (Zig:11)
  A yaktaur captain (Vaults:4)
  2 two-headed ogres (D:10)
  A merfolk aquamancer (Zig:22)
  A deep elf knight (Elf:3)
  A wretched star (Zig:12)
  A bog body (Crypt:3)
  A deep troll (Vaults:1)
  A wizard (Depths:1)
  A deep elf pyromancer (Elf:3)
  A deep elf zephyrmancer (Elf:1)
  A moth of wrath (Zot:4)
  A troll (Zot:4)
  A snapping turtle (Shoals:4)
  A redback (Spider:4)
  An orc (Orc:2)
  32 fungi
  A lurking horror (Abyss:2)
  126 plants
  5 starspawn tentacles
  4 tentacles (Shoals:3)
  11 toadstools (Lair:1)
  30 withered plants
233 creatures vanquished.

Grand Total: 3693 creatures vanquished

Notes
Turn   | Place    | Note
-------+----------+-------------------------------------------
     0 | D:1      | frimble the Demonspawn Warper began the quest for the Orb.
     0 | D:1      | Reached XP level 1. HP: 16/16 MP: 3/3
    41 | D:1      | Reached skill level 1 in Armour
   326 | D:1      | Reached skill level 1 in Throwing
   529 | D:1      | Gained mutation: Spells you cast may paralyse adjacent
                  | enemies. [demonic ancestry]
   529 | D:1      | Reached XP level 2. HP: 6/22 MP: 5/5
   562 | D:1      | HP: 1/22 [endoplasm (2)]
  1522 | D:1      | Found Noherife's Weapon Boutique.
  2232 | D:2      | Gained mutation: You are partially covered in yellow
                  | scales. (AC +2) [demonic ancestry]
  2232 | D:2      | Reached XP level 3. HP: 26/27 MP: 6/6
  2494 | D:2      | Noticed Jessica
  2500 | D:2      | Killed Jessica
  2676 | D:2      | Noticed Robin
  2692 | D:2      | Reached XP level 4. HP: 26/33 MP: 7/7
  2704 | D:2      | Killed Robin
  3376 | D:3      | Gained mutation: A weak demonic guardian rushes to your
                  | aid. [demonic ancestry]
  3376 | D:3      | Reached XP level 5. HP: 31/38 MP: 8/8
  3505 | D:3      | Found a faded altar of an unknown god.
  4446 | D:4      | Learned a level 2 spell: Blink
  4546 | D:4      | Found a glowing drain.
  4583 | Sewer    | Entered a sewer
  4615 | Sewer    | Reached skill level 1 in Stealth
  4626 | Sewer    | Noticed a water moccasin
  4647 | Sewer    | Killed a water moccasin
  4648 | Sewer    | Gained mutation: A demonic guardian rushes to your aid.
                  | [demonic ancestry]
  4648 | Sewer    | Reached XP level 6. HP: 44/44 MP: 7/9
  4751 | D:4      | Identified the +9 rapier of the Dancing Gnat {drain, +Blink
                  | rC+}
  5083 | D:4      | Reached skill level 1 in Short Blades
  5090 | D:4      | Found a hazy altar of Hepliaklqana.
  5091 | D:4      | Found a faded altar of an unknown god.
  5206 | D:5      | Entered Level 5 of the Dungeon
  5429 | D:5      | Reached XP level 7. HP: 44/50 MP: 10/10
  5621 | D:5      | Found a staircase to the Ecumenical Temple.
  6181 | D:6      | Reached skill level 5 in Throwing
  6212 | D:6      | Gained mutation: A powerful demonic guardian rushes to your
                  | aid. [demonic ancestry]
  6212 | D:6      | Reached XP level 8. HP: 24/56 MP: 6/11
  7032 | D:7      | Noticed Duvessa
  7034 | D:7      | Noticed Dowan
  7047 | D:7      | Killed Duvessa
  7055 | D:7      | Killed Dowan
  7188 | D:7      | Reached skill level 5 in Short Blades
  7279 | D:7      | Reached skill level 1 in Shields
  7605 | D:7      | Noticed Harold
  7630 | D:7      | Killed Harold
  7631 | D:7      | Gained mutation: You have sharp fingernails. [demonic
                  | ancestry]
  7631 | D:7      | Reached XP level 9. HP: 11/61 MP: 0/12
  8770 | D:8      | Reached skill level 5 in Shields
  9784 | Temple   | Entered the Ecumenical Temple
 10098 | Temple   | Became a worshipper of Cheibriados the Contemplative
 10225 | D:9      | Found a staircase to the Orcish Mines.
 10256 | D:9      | Gained mutation: You have sharp toenails. [potion of
                  | mutation]
 10256 | D:9      | Gained mutation: You tend to lose your temper in combat.
                  | [potion of mutation]
 10256 | D:9      | Gained mutation: Your mind is acute. (Int +2) [potion of
                  | mutation]
 10259 | D:9      | Noticed a troll
 10263 | D:9      | Killed a troll
 10264 | D:9      | Reached XP level 10. HP: 15/67 MP: 5/13
 10284 | D:9      | Reached * piety under Cheibriados
 10708 | D:9      | Found Vebevur's Antique Weapon Shop.
 10890 | D:10     | Entered Level 10 of the Dungeon
 11091 | D:10     | Noticed a two-headed ogre
 11092 | D:10     | Noticed an ogre mage
 11092 | D:10     | Noticed a two-headed ogre
 11094 | D:10     | Noticed a two-headed ogre
 11101 | D:10     | Killed an ogre mage
 11105 | D:10     | Killed a two-headed ogre
 11131 | D:10     | Reached skill level 10 in Short Blades
 11494 | D:10     | Noticed Snorg
 11503 | D:10     | Killed Snorg
 11504 | D:10     | Reached XP level 11. HP: 64/72 MP: 12/14
 12010 | D:11     | Noticed a two-headed ogre
 12016 | D:11     | Identified the +1 falchion of Kaveij {vorpal, rElec rPois
                  | Int+2}
 12022 | D:11     | Killed a two-headed ogre
 12047 | D:11     | Reached ** piety under Cheibriados
 12462 | D:11     | Reached *** piety under Cheibriados
 12532 | D:11     | Noticed a red ugly thing
 12546 | D:11     | Found a staircase to the Lair.
 12546 | D:11     | Noticed a purple ugly thing
 12557 | D:11     | Killed a red ugly thing
 12566 | D:11     | Killed a purple ugly thing
 12581 | D:11     | Lost mutation: Your mind is acute. (Int +2) [potion of
                  | mutation]
 12581 | D:11     | Lost mutation: You tend to lose your temper in combat.
                  | [potion of mutation]
 12581 | D:11     | Lost mutation: You have sharp toenails. [potion of
                  | mutation]
 12581 | D:11     | Gained mutation: Your body sometimes deteriorates upon
                  | taking damage. [potion of mutation]
 12581 | D:11     | Gained mutation: Armour fits poorly on your strangely
                  | shaped body. [potion of mutation]
 12581 | D:11     | Gained mutation: Your flesh is cold resistant. (rC+)
                  | [potion of mutation]
 12582 | D:11     | Lost mutation: Your flesh is cold resistant. (rC+) [potion
                  | of mutation]
 12582 | D:11     | Lost mutation: Your body sometimes deteriorates upon taking
                  | damage. [potion of mutation]
 12582 | D:11     | Lost mutation: Armour fits poorly on your strangely shaped
                  | body. [potion of mutation]
 12582 | D:11     | Gained mutation: Your flesh is cold resistant. (rC+)
                  | [potion of mutation]
 12582 | D:11     | Gained mutation: Your skin changes colour to match your
                  | surroundings (Stealth+). [potion of mutation]
 12825 | Lair:1   | Entered Level 1 of the Lair of Beasts
 12835 | Lair:1   | Reached skill level 10 in Shields
 13040 | Lair:1   | Identified the +7 quarterstaff of Daliprer {drain, rC- rN++
                  | Str+4}
 13059 | Lair:1   | Noticed Fannar
 13073 | Lair:1   | Killed Fannar
 13074 | Lair:1   | Gained mutation: You are mostly covered in yellow scales.
                  | (AC +3) [demonic ancestry]
 13074 | Lair:1   | Reached XP level 12. HP: 48/78 MP: 8/15
 13507 | Lair:1   | Noticed a catoblepas
 13507 | Lair:1   | Noticed a dire elephant
 13527 | Lair:1   | Found a runed translucent door.
 13596 | Lair:1   | Reached **** piety under Cheibriados
 14083 | Lair:1   | Noticed a four-headed hydra
 14096 | Lair:1   | Killed a four-headed hydra
 15216 | Lair:3   | Noticed a catoblepas
 15250 | Lair:2   | Killed a catoblepas
 15443 | Lair:3   | Reached ***** piety under Cheibriados
 15633 | Lair:3   | Identified the +9 long sword of Xoehawkoo {venom, Fly rC+
                  | Will- Dex+4}
 15783 | Lair:3   | Gained mutation: You have very sharp fingernails. [demonic
                  | ancestry]
 15783 | Lair:3   | Reached XP level 13. HP: 79/88 MP: 13/16
 15857 | Lair:3   | Found a hole to the Spider Nest.
 16102 | Lair:3   | Found a staircase to the Shoals.
 16275 | Lair:4   | Reached skill level 5 in Fighting
 17257 | Lair:5   | Reached ****** piety under Cheibriados
 17508 | Lair:5   | Found a runed translucent door.
 17508 | Lair:5   | Found a viscous altar of Jiyva.
 17509 | Lair:5   | Found a staircase to the Slime Pits.
 17680 | Lair:5   | Found an ancient bone altar of Kikubaaqudgha.
 17930 | Lair:6   | Entered Level 6 of the Lair of Beasts
 18124 | Lair:6   | Gained mutation: You are completely covered in yellow
                  | scales. (AC +4, rCorr) [demonic ancestry]
 18124 | Lair:6   | Reached XP level 14. HP: 97/105 MP: 14/17
 18545 | Lair:6   | Reached skill level 15 in Shields
 18790 | Lair:6   | Identified the +3 broad axe "Hyroodd" {holy, Str+4 Dex+5}
 18996 | Lair:6   | Reached skill level 5 in Dodging
 20053 | Lair:1   | Identified the amulet of Foadeprafe {Acrobat -Cast Dex+4
                  | Slay+2}
 20227 | D:12     | Noticed Psyche
 20233 | D:12     | Killed Psyche
 20261 | D:12     | Identified the ring of Maxkuol {Fly Int+2}
 20436 | D:12     | Noticed Sonja
 20455 | D:12     | Killed Sonja
 20893 | D:13     | Reached skill level 10 in Fighting
 20989 | D:13     | Reached skill level 5 in Stealth
 20989 | D:13     | Reached XP level 15. HP: 79/115 MP: 10/18
 21077 | D:13     | Found a gate to the Vaults.
 21199 | D:13     | Found a shimmering altar of Xom.
 21828 | D:14     | Noticed Azrael
 21843 | D:14     | Reached skill level 1 in Invocations
 21861 | D:14     | Reached skill level 1 in Evocations
 21877 | D:14     | Killed Azrael
 21976 | D:14     | Found a radiant altar of Vehumet.
 22099 | D:14     | Noticed Nessos
 22112 | D:14     | Killed Nessos
 22396 | D:14     | Noticed Kirke
 22506 | D:14     | Killed Kirke
 22805 | D:15     | Entered Level 15 of the Dungeon
 22862 | D:15     | Reached skill level 5 in Invocations
 22969 | D:15     | Found a staircase to the Depths.
 23270 | D:15     | Found a runed translucent gate.
 23270 | D:15     | Found a runed translucent gate.
 23270 | D:15     | Found a runed translucent gate.
 23494 | D:15     | Found an iron altar of Okawaru.
 23494 | D:15     | Noticed a fire giant
 23494 | D:15     | Noticed Sapheram's ghost (journeyman DsGl)
 23614 | Orc:1    | Entered Level 1 of the Orcish Mines
 23635 | Orc:1    | Reached skill level 5 in Evocations
 23879 | Orc:2    | Entered Level 2 of the Orcish Mines
 23880 | Orc:2    | Found a staircase to the Elven Halls.
 24157 | Orc:2    | Found a burning altar of Makhleb.
 24168 | Orc:2    | Found Difieda's Distillery.
 24200 | Orc:2    | Noticed Erolcha
 24203 | Orc:2    | Killed Erolcha
 24473 | Orc:2    | Noticed an orc warlord
 24498 | Orc:2    | Killed an orc warlord
 24739 | Orc:2    | Found Rurghabept's General Store.
 24740 | Orc:2    | Found Avitaewn's Book Emporium.
 24742 | Orc:2    | Found Boqiothu's Antique Armour Shoppe.
 24742 | Orc:2    | Found Edobas's Antique Weapon Shoppe.
 24747 | Orc:2    | Bought a scroll of blinking for 97 gold pieces
 24747 | Orc:2    | Bought a scroll of enchant armour for 97 gold pieces
 24749 | Orc:2    | Bought a book of the Earth for 540 gold pieces
 24766 | Orc:2    | Learned a level 6 spell: Statue Form
 25214 | Elf:1    | Entered Level 1 of the Elven Halls
 25222 | Elf:1    | Gained mutation: Your magical and physical power is
                  | slightly enhanced at high health. [demonic ancestry]
 25222 | Elf:1    | Reached XP level 16. HP: 105/122 MP: 18/22
 25299 | Elf:1    | Reached skill level 1 in Transmutations
 25299 | Elf:1    | Reached skill level 1 in Earth Magic
 25339 | Elf:1    | Found a radiant altar of Vehumet.
 25400 | Elf:1    | Reached skill level 2 in Earth Magic
 25764 | Elf:1    | Reached skill level 3 in Earth Magic
 26128 | Elf:1    | Reached skill level 10 in Invocations
 26415 | Elf:1    | Reached skill level 4 in Earth Magic
 26774 | Elf:1    | HP: 2/122 [something (10)]
 27589 | Elf:1    | Reached skill level 5 in Transmutations
 27589 | Elf:1    | Reached skill level 5 in Earth Magic
 27630 | Elf:1    | Found Fudyr's Book Emporium.
 28064 | Elf:1    | Found a runed translucent gate.
 28064 | Elf:1    | Found a runed translucent gate.
 28064 | Elf:1    | Found a runed translucent gate.
 28064 | Elf:1    | Found a runed translucent gate.
 28064 | Elf:1    | Found a runed translucent gate.
 28065 | Elf:1    | Found a runed translucent gate.
 28065 | Elf:1    | Noticed a shadow dragon
 28065 | Elf:1    | Noticed a storm dragon
 28253 | Elf:2    | Paralysed by an air elemental for 1 turns
 28259 | Elf:2    | Reached skill level 6 in Earth Magic
 28300 | Elf:2    | Paralysed by an air elemental for 1 turns
 28350 | Elf:2    | Found Inlaujok's Weapon Shoppe.
 28354 | Elf:2    | Noticed an Ice Fiend
 28534 | Spider:1 | Entered Level 1 of the Spider Nest
 28767 | Spider:1 | Reached skill level 7 in Earth Magic
 29227 | Spider:1 | Noticed Louise
 29253 | Spider:1 | Killed Louise
 29254 | Spider:1 | Reached XP level 17. HP: 128/128 MP: 20/24
 29842 | Spider:2 | Reached skill level 8 in Earth Magic
 30161 | Spider:2 | Identified the +3 shortbow of Vojow {speed, rN+ rCorr
                  | Str+4}
 30888 | Spider:3 | Reached skill level 9 in Earth Magic
 31635 | Spider:4 | Entered Level 4 of the Spider Nest
 31846 | Spider:4 | Noticed Donald
 31857 | Spider:4 | Killed Donald
 31990 | Spider:4 | Reached skill level 10 in Transmutations
 31991 | Spider:4 | Reached skill level 10 in Earth Magic
 32240 | Spider:4 | Noticed Arachne
 32251 | Spider:4 | Killed Arachne
 32261 | Spider:4 | Reached XP level 18. HP: 131/134 MP: 1/26
 32541 | Spider:4 | Reached skill level 5 in Spellcasting
 32671 | Spider:4 | Got a gossamer rune of Zot
 33486 | Elf:2    | Paralysed by an air elemental for 1 turns
 33662 | Elf:2    | Learned a level 4 spell: Passage of Golubria
 33882 | Elf:2    | Found a runed translucent gate.
 33882 | Elf:2    | Found a runed translucent gate.
 33907 | Elf:2    | Found a runed translucent gate.
 33958 | Elf:2    | Reached skill level 11 in Earth Magic
 34056 | Elf:3    | Entered Level 3 of the Elven Halls
 34075 | Elf:3    | Reached skill level 5 in Translocations
 34087 | Elf:3    | Found Hufiusic's Armour Boutique.
 35094 | Elf:3    | Identified the +10 hand axe of the Final Chapter {drain,
                  | Will+ rCorr Int+4 SInv}
 35131 | Elf:3    | Noticed a Hell Sentinel
 35135 | Elf:3    | Identified the +9 great sword "Heibra" {venom, rElec rC+
                  | Int+4}
 35139 | Elf:3    | Identified the +7 flail of Grandeur {drain, Fly rF- rC+++
                  | Will++}
 35140 | Elf:3    | Noticed a Brimstone Fiend
 35331 | Elf:3    | Identified the +8 hand axe of Xuyt {drain, *Slow rC+ Dex+3}
 35807 | Elf:3    | Got the Reference Book on Battle Magic
 35838 | Elf:3    | Got the Guide on Enchanting Weightlessness
 35840 | Elf:3    | Identified the +3 cloak "Jelutoop" {+Inv rElec Int+2}
 36010 | Elf:3    | Found the +9 heavy crossbow "Sniper" {vorpal, Acc+∞ SInv}
 36015 | Elf:3    | Got Sif Muna's Volume of Fetching Conjuration
 36308 | D:15     | Killed Sapheram's ghost
 36357 | D:15     | Identified the +4 pair of boots of Intuition {Will+}
 36454 | Vaults:1 | Entered Level 1 of the Vaults
 36584 | Vaults:1 | Noticed a dread lich
 36607 | Vaults:1 | Reached XP level 19. HP: 144/144 MP: 23/29
 36891 | Vaults:1 | Paralysed by a dread lich for 7 turns
 37565 | Vaults:1 | Paralysed by a dread lich for 6 turns
 37579 | Vaults:1 | Killed a dread lich
 37718 | Vaults:1 | Reached skill level 10 in Dodging
 37970 | Vaults:1 | Noticed Asterion
 37993 | Vaults:1 | Killed Asterion
 37994 | Vaults:1 | Reached skill level 10 in Stealth
 38781 | Vaults:2 | Reached skill level 10 in Evocations
 39027 | Vaults:2 | Gained mutation: You have claws for hands. [demonic
                  | ancestry]
 39027 | Vaults:2 | Reached XP level 20. HP: 147/153 MP: 27/30
 39045 | Vaults:2 | Noticed Margery
 39084 | Vaults:2 | Killed Margery
 39662 | Vaults:2 | Found Vymuangu's Antique Weapon Emporium.
 39725 | Vaults:2 | Cast into level 2 of the Abyss (a wizard)
 39748 | Vaults:2 | Escaped the Abyss
 40096 | Depths:1 | Entered Level 1 of the Depths
 40258 | Depths:1 | Found a gateway to Hell.
 40431 | Depths:1 | Found a one-way gate to the infinite horrors of the Abyss.
 40631 | Depths:1 | Noticed a dread lich
 40634 | Depths:1 | Paralysed by something for 5 turns
 40654 | Depths:1 | Paralysed by something for 3 turns
 40922 | Depths:1 | Paralysed by something for 7 turns
 41187 | Depths:1 | Found a runed translucent gate.
 41187 | Depths:1 | Found a runed translucent gate.
 41187 | Depths:1 | Found a runed translucent gate.
 41197 | Depths:1 | Noticed Saint Roka
 41234 | Depths:1 | Killed Saint Roka
 41333 | Depths:1 | Found Dyppyle's General Store.
 41346 | Depths:1 | Bought a scroll of magic mapping for 59 gold pieces
 41346 | Depths:1 | Bought a scroll of immolation for 59 gold pieces
 41582 | Depths:1 | Identified the +6 flail "Zyfopujo" {flame, rF- rN++ Str+3
                  | Dex+4}
 41602 | Depths:1 | Paralysed by a dread lich for 5 turns
 41612 | Depths:1 | Killed a dread lich
 41791 | Depths:1 | Got the Papyrus of Dark Arts
 41824 | Depths:1 | Paralysed by a vampire knight for 7 turns
 41831 | Depths:1 | Paralysed by something for 4 turns
 42476 | Shoals:1 | Entered Level 1 of the Shoals
 42554 | Shoals:1 | Reached skill level 12 in Earth Magic
 42603 | Shoals:1 | Found Visuij's Magic Scroll Emporium.
 42631 | Shoals:1 | Bought a scroll of summoning for 190 gold pieces
 42631 | Shoals:1 | Bought a scroll of magic mapping for 70 gold pieces
 42631 | Shoals:1 | Bought a scroll of immolation for 70 gold pieces
 42802 | Shoals:1 | Noticed Roxanne
 42851 | Shoals:1 | Killed Roxanne
 43428 | Shoals:2 | Found a runed translucent door.
 43475 | Shoals:2 | Noticed AigisTheKnight's ghost (journeyman DrAE)
 43493 | Shoals:2 | Killed AigisTheKnight's ghost
 43494 | Shoals:2 | Reached XP level 21. HP: 162/162 MP: 26/32
 44259 | Shoals:3 | Noticed Ilsuiw
 44301 | Shoals:3 | Killed Ilsuiw
 44416 | Shoals:3 | Noticed Polyphemus
 44449 | Shoals:3 | Killed Polyphemus
 45243 | Shoals:4 | Entered Level 4 of the Shoals
 45467 | Shoals:4 | Paralysed by an air elemental for 1 turns
 45560 | Shoals:4 | Identified the +5 glaive of Watchfulness {flame, rC+++
                  | Will++ rCorr Str-5}
 45591 | Shoals:4 | Identified the +4 whip of the Puffin {vorpal, Contam rPois
                  | rF+++ rCorr}
 45606 | Shoals:4 | Reached skill level 13 in Earth Magic
 45755 | Shoals:4 | Got a barnacled rune of Zot
 45757 | Shoals:4 | Got the Catalogue of Igneous Conjuration
 46049 | Shoals:4 | Found a blossoming altar of Fedhas.
 46381 | Shoals:4 | Paralysed by an air elemental for 1 turns
 46741 | Elf:1    | Bought a book of Annihilations for 780 gold pieces
 47359 | Vaults:3 | Learned a level 9 spell: Shatter
 47526 | Vaults:3 | Reached skill level 15 in Fighting
 47774 | Vaults:3 | Found a staircase to the Crypt.
 47938 | Vaults:3 | Reached skill level 14 in Earth Magic
 48344 | Vaults:3 | Found Ibucwaol's Distillery.
 48727 | Vaults:4 | Paralysed by a great orb of eyes for 5 turns
 48912 | Vaults:4 | Gained mutation: Your magical and physical power is
                  | enhanced at high health. [demonic ancestry]
 48912 | Vaults:4 | Reached XP level 22. HP: 176/176 MP: 25/35
 49258 | Vaults:4 | Reached skill level 15 in Earth Magic
 51037 | Depths:2 | Found the +8 arc blade {discharge, rElec}
 51065 | Depths:2 | Paralysed by a vampire knight for 2 turns
 51247 | Depths:2 | Found a one-way gate leading to the halls of Pandemonium.
 51384 | Depths:2 | Noticed a golden dragon
 51400 | Depths:2 | Killed a golden dragon
 51600 | Depths:2 | Noticed a juggernaut
 51616 | Depths:2 | Killed a juggernaut
 51745 | Depths:3 | Found a one-way gateway to a ziggurat.
 51877 | Depths:3 | Reached skill level 16 in Earth Magic
 51939 | Depths:3 | Noticed Boris
 51952 | Depths:3 | Killed Boris
 52355 | Depths:3 | Paralysed by a great orb of eyes for 7 turns
 52516 | Depths:3 | Reached XP level 23. HP: 187/187 MP: 26/36
 53166 | Depths:4 | Entered Level 4 of the Depths
 53580 | Depths:4 | Noticed Boris
 53730 | Depths:3 | Reached skill level 17 in Earth Magic
 53761 | Depths:4 | Killed Boris
 53821 | Depths:4 | Reached skill level 10 in Throwing
 54319 | Crypt:1  | Entered Level 1 of the Crypt
 54499 | Crypt:1  | Noticed Uroast's ghost (veteran MiGl)
 54622 | Crypt:1  | Identified a scroll of acquirement
 54622 | Crypt:1  | Acquired frimble's Guide on Transmutation
 54627 | Crypt:1  | Learned a level 2 spell: Passwall
 54725 | Crypt:1  | Found a runed translucent gate.
 54729 | Crypt:1  | Found a runed translucent gate.
 54729 | Crypt:1  | Found a runed translucent gate.
 55183 | Crypt:2  | Identified the +6 chain mail of Dawn {Int+2 Slay+3}
 55229 | Crypt:2  | Noticed Jory
 55242 | Crypt:2  | Killed Jory
 55833 | Crypt:2  | Noticed Mara
 55840 | Crypt:2  | Noticed frimble's illusion
 55861 | Crypt:2  | Killed Mara
 55885 | Crypt:2  | Noticed Boris
 55941 | Crypt:2  | Killed Boris
 56911 | Crypt:3  | Entered Level 3 of the Crypt
 56919 | Crypt:3  | Paralysed by something for 4 turns
 56930 | Crypt:3  | Paralysed by a vampire knight for 2 turns
 56986 | Crypt:3  | Reached skill level 18 in Earth Magic
 57254 | Crypt:3  | Found a staircase to the Tomb.
 58006 | Crypt:3  | Noticed a royal mummy
 58027 | Crypt:3  | Killed a royal mummy
 58769 | Crypt:3  | Identified the +0 chain mail of Xom's Approval {+Inv rPois
                  | rCorr Int-3}
 58782 | Crypt:3  | Identified the ring of the Raven {*Corrode rF- rN+ Will+
                  | Dex+7}
 58782 | Crypt:3  | Identified the amulet of Iddulithaa {+Blink Will+ Regen+
                  | Stlth+}
 58782 | Crypt:3  | Identified the ring "Safa" {rN+ Will+ Str+2 Slay+5}
 58992 | Vaults:5 | Entered Level 5 of the Vaults
 59070 | Vaults:4 | Reached XP level 24. HP: 159/195 MP: 36/36
 59178 | Vaults:4 | Reached skill level 19 in Earth Magic
 59593 | Vaults:5 | Noticed an ancient lich
 59648 | Vaults:5 | Killed an ancient lich
 59724 | Vaults:5 | Noticed an ancient lich
 59743 | Vaults:5 | Noticed an ancient lich
 59750 | Vaults:5 | Killed an ancient lich
 59760 | Vaults:5 | Killed an ancient lich
 60015 | Vaults:5 | Got a silver rune of Zot
 60213 | Vaults:5 | Reached skill level 20 in Earth Magic
 60235 | Vaults:5 | Identified the +1 quarterstaff "Neiton" {vorpal, rElec rC+
                  | SInv}
 60588 | Vaults:5 | Got the Reference Book on Attacks
 61496 | Depths:4 | Found a gate to the Realm of Zot.
 61703 | Zot:1    | Entered Level 1 of the Realm of Zot
 61750 | Zot:1    | Cast into level 3 of the Abyss (red draconian)
 61800 | Zot:1    | Escaped the Abyss
 62244 | Zot:1    | Gained mutation: Spells you cast may paralyse nearby
                  | enemies. [demonic ancestry]
 62244 | Zot:1    | Reached XP level 25. HP: 74/208 MP: 36/36
 62932 | Zot:2    | Reached skill level 21 in Earth Magic
 63454 | Zot:2    | You fall into a shaft and drop 1 floor!
 64873 | Zot:4    | Reached skill level 22 in Earth Magic
 65303 | Zot:4    | Noticed an ancient lich
 65326 | Zot:4    | Gained mutation: Your magical and physical power is greatly
                  | enhanced at high health. [demonic ancestry]
 65326 | Zot:4    | Reached XP level 26. HP: 224/224 MP: 19/36
 65327 | Zot:4    | Killed an ancient lich
 65930 | Zot:5    | Entered Level 5 of the Realm of Zot
 66196 | Zig:1    | Entered Level 1 of a ziggurat
 66206 | Zig:1    | Learned a level 8 spell: Necromutation
 66227 | Zig:2    | Entered Level 2 of a ziggurat
 66273 | Zig:3    | Entered Level 3 of a ziggurat
 66280 | Zig:3    | Reached skill level 1 in Necromancy
 66318 | Zig:3    | Identified the +1 robe "Ceycs" {Will+ Slay+6}
 66322 | Zig:4    | Entered Level 4 of a ziggurat
 66388 | Zig:5    | Entered Level 5 of a ziggurat
 66391 | Zig:5    | Found the ring of the Tortoise {AC+8}
 66430 | Zig:5    | Identified the ring of Cemuetep {rN+++ Str+6}
 66451 | Zig:6    | Entered Level 6 of a ziggurat
 66514 | Zig:6    | Identified the +6 war axe of Ritookuj {speed, rElec}
 66537 | Zig:7    | Entered Level 7 of a ziggurat
 66543 | Zig:7    | Noticed an ancient lich
 66545 | Zig:7    | Killed an ancient lich
 66617 | Zig:7    | Identified the +9 mace of Terror {spect, rElec rF- rC+}
 66628 | Zig:7    | Learned a level 1 spell: Apportation
 66638 | Zig:8    | Entered Level 8 of a ziggurat
 66778 | Zig:9    | Entered Level 9 of a ziggurat
 66796 | Zig:9    | Reached skill level 10 in Spellcasting
 66807 | Zig:9    | Identified the +6 short sword "Poclybat" {vorpal, rF- Str+5
                  | Int+5}
 66814 | Zig:9    | Identified the ring of Dutum {Ice rElec}
 66832 | Zig:9    | Identified the +5 triple sword "Zaz Pil" {flame, +Blink rF+
                  | Str-5 Dex+3}
 66837 | Zig:10   | Entered Level 10 of a ziggurat
 66854 | Zig:10   | Paralysed by a wendigo for 1 turns
 66962 | Zig:10   | Identified the ring of Harmony {+Blink Fly Dex+7}
 66974 | Zig:11   | Entered Level 11 of a ziggurat
 67010 | Zig:11   | Reached skill level 5 in Necromancy
 67171 | Zig:11   | Identified the +6 arbalest of Ydask {venom, Fly Will++}
 67192 | Zig:12   | Entered Level 12 of a ziggurat
 67210 | Zig:12   | Reached skill level 23 in Earth Magic
 67275 | Zig:12   | Got the Catalogue of Supportive Earth
 67303 | Zig:13   | Entered Level 13 of a ziggurat
 67304 | Zig:13   | Noticed a royal mummy
 67304 | Zig:13   | Noticed a royal mummy
 67304 | Zig:13   | Noticed a royal mummy
 67304 | Zig:13   | Noticed a royal mummy
 67306 | Zig:13   | Noticed a royal mummy
 67308 | Zig:13   | Found the +5 scythe "Finisher" {speed, eviscerate}
 67685 | Tomb:1   | Entered Level 1 of the Tomb of the Ancients
 68175 | Tomb:1   | Noticed a royal mummy
 68182 | Tomb:1   | Noticed a royal mummy
 68182 | Tomb:1   | Noticed a royal mummy
 68184 | Tomb:1   | Noticed a royal mummy
 68187 | Tomb:1   | Killed a royal mummy
 68187 | Tomb:1   | Noticed a royal mummy
 68188 | Tomb:1   | Killed a royal mummy
 68249 | Tomb:1   | Noticed a royal mummy
 68267 | Tomb:1   | Upgraded the game from 0.28-a0-1227-ga9037bb4c8 to
                  | 0.28-a0-1234-g826d19b2e0
 68268 | Tomb:1   | Noticed a royal mummy
 68669 | Hell     | Entered the Vestibule of Hell
 68669 | Hell     | Noticed Geryon
 68834 | Hell     | Killed Geryon
 69050 | Hell     | Found a gateway to the freezing wastes of Cocytus.
 69123 | Hell     | Gained mutation: Spells you cast and wands you use may
                  | paralyse nearby enemies. [demonic ancestry]
 69123 | Hell     | Reached XP level 27. HP: 231/231 MP: 37/38
 69219 | Hell     | Found a gateway to the ashen valley of Gehenna.
 69329 | Hell     | Found a gateway to the Iron City of Dis.
 69440 | Hell     | Found a gateway to the decaying netherworld of Tartarus.
 69554 | Depths:3 | Voluntarily entered the Abyss.
 69767 | Abyss:2  | Gained mutation: Potions are less effective at restoring
                  | your health. [a neqoxec]
 70085 | Abyss:2  | Found a corrupted altar of Lugonu.
 70210 | Abyss:2  | Identified the +1 ring mail of Wamiw {Int+4}
 70303 | Abyss:3  | Found a hide-covered altar of Uskayaw.
 70332 | Abyss:4  | Found a corrupted altar of Lugonu.
 70507 | Abyss:4  | Reached skill level 10 in Necromancy
 70599 | Abyss:4  | Got an abyssal rune of Zot
 70638 | Depths:3 | Escaped the Abyss
 70663 | Depths:3 | Killed a royal mummy
 71151 | Tomb:1   | Noticed a royal mummy
 71173 | Tomb:1   | Killed a royal mummy
 71262 | Tomb:1   | Noticed a royal mummy
 71272 | Tomb:1   | Killed a royal mummy
 71285 | Tomb:1   | Killed a royal mummy
 71354 | Tomb:1   | Noticed a royal mummy
 71364 | Tomb:1   | Noticed a royal mummy
 71371 | Tomb:1   | Killed a royal mummy
 71371 | Tomb:1   | Noticed a royal mummy
 71371 | Tomb:1   | Noticed a royal mummy
 71378 | Tomb:1   | Killed a royal mummy
 71378 | Tomb:1   | Killed a royal mummy
 71378 | Tomb:1   | Killed a royal mummy
 71385 | Tomb:1   | Noticed a royal mummy
 71389 | Tomb:1   | Noticed a royal mummy
 71392 | Tomb:1   | Noticed a royal mummy
 71394 | Tomb:1   | Noticed a royal mummy
 71568 | Tomb:1   | Killed a royal mummy
 71661 | Tomb:1   | Killed a royal mummy
 71827 | Tomb:1   | Killed a royal mummy
 71902 | Tomb:1   | Killed a royal mummy
 72121 | Tomb:2   | Noticed a royal mummy
 72122 | Tomb:2   | Noticed a royal mummy
 72122 | Tomb:2   | Noticed a royal mummy
 72122 | Tomb:2   | Noticed a royal mummy
 72181 | Tomb:2   | Noticed a royal mummy
 72316 | Tomb:2   | Killed a royal mummy
 72325 | Tomb:2   | Killed a royal mummy
 72328 | Tomb:2   | Killed a royal mummy
 72339 | Tomb:2   | Killed a royal mummy
 72340 | Tomb:2   | Reached skill level 15 in Transmutations
 72527 | Tomb:2   | Killed a royal mummy
 72924 | Tomb:3   | Entered Level 3 of the Tomb of the Ancients
 72974 | Tomb:3   | Noticed a royal mummy
 72989 | Tomb:3   | Noticed a royal mummy
 72994 | Tomb:3   | Reached skill level 1 in Unarmed Combat
 73008 | Tomb:3   | Lost mutation: Potions are less effective at restoring your
                  | health. [potion of mutation]
 73008 | Tomb:3   | Lost mutation: Your flesh is cold resistant. (rC+) [potion
                  | of mutation]
 73008 | Tomb:3   | Lost mutation: Your skin changes colour to match your
                  | surroundings (Stealth+). [potion of mutation]
 73008 | Tomb:3   | Gained mutation: You have sharp toenails. [potion of
                  | mutation]
 73008 | Tomb:3   | Gained mutation: You are resistant to electric shocks.
                  | (rElec) [potion of mutation]
 73015 | Tomb:3   | Noticed a royal mummy
 73027 | Tomb:3   | Noticed a royal mummy
 73040 | Tomb:3   | Killed a royal mummy
 73048 | Tomb:3   | Noticed a royal mummy
 73054 | Tomb:3   | Killed a royal mummy
 73060 | Tomb:3   | Killed a royal mummy
 73060 | Tomb:3   | Killed a royal mummy
 73061 | Tomb:3   | Killed a royal mummy
 73226 | Tomb:3   | Noticed a royal mummy
 73238 | Tomb:3   | Killed a royal mummy
 73257 | Tomb:3   | Reached skill level 15 in Necromancy
 73419 | Tomb:3   | Noticed a royal mummy
 73433 | Tomb:3   | Killed a royal mummy
 73488 | Tomb:3   | Noticed a royal mummy
 73506 | Tomb:3   | Reached skill level 5 in Unarmed Combat
 73513 | Tomb:3   | Noticed a royal mummy
 73522 | Tomb:3   | Killed a royal mummy
 73541 | Tomb:3   | Killed a royal mummy
 73831 | Tomb:3   | Got a golden rune of Zot
 73877 | Tomb:3   | Found the +8 longbow "Zephyr" {speed, Dex+3 SInv}
 73886 | Tomb:3   | Identified the +0 pair of boots of Sauni {Regen+}
 73937 | Tomb:3   | Got the Compendium of the Snowflakes and Feathers
 73961 | Tomb:3   | Identified the +0 troll leather armour of Irksome Joy
                  | {Regen+ Dex+2}
 73964 | Tomb:3   | Identified the -6 hat "Faphaer" {Rampage +Inv rN+}
 73970 | Tomb:3   | Identified the +7 great mace of Truncation {venom, rElec
                  | MP+9}
 73973 | Tomb:3   | Identified the +0 scale mail "Luoleth" {rN+}
 74097 | Zig:1    | Entered Level 1 of a ziggurat
 74125 | Zig:2    | Entered Level 2 of a ziggurat
 74148 | Zig:3    | Entered Level 3 of a ziggurat
 74174 | Zig:4    | Entered Level 4 of a ziggurat
 74258 | Zig:5    | Entered Level 5 of a ziggurat
 74347 | Zig:6    | Entered Level 6 of a ziggurat
 74355 | Zig:6    | Found the macabre finger necklace {rN+}
 74398 | Zig:6    | Identified the +4 chain mail "Xeogh" {Stlth+}
 74410 | Zig:6    | Got the Catalogue of Clay
 74425 | Zig:7    | Entered Level 7 of a ziggurat
 74426 | Zig:7    | Noticed a royal mummy
 74432 | Zig:7    | Killed a royal mummy
 74450 | Zig:8    | Entered Level 8 of a ziggurat
 74491 | Zig:8    | Identified the +5 hat of the Freezing Wumpus {+Blink Fly
                  | Stlth+}
 74512 | Zig:8    | Identified the +4 short sword "Pavucech" {pain, *Noise
                  | rPois rC+ rCorr Str+6}
 74533 | Zig:9    | Entered Level 9 of a ziggurat
 74540 | Zig:9    | Noticed Tythirr the pandemonium lord
 74565 | Zig:9    | Killed Tythirr the pandemonium lord
 74573 | Zig:9    | Got the Almanac of the Enthralling Birds
 74574 | Zig:9    | Identified the amulet "Eghi" {Acrobat Int+5}
 74580 | Zig:9    | Identified the +9 quarterstaff of the Chain {spect, Str-4
                  | Int+8 Dex-2 Stlth+}
 74606 | Zig:10   | Entered Level 10 of a ziggurat
 74661 | Zig:10   | Got the Papyrus of Confrontation
 74668 | Zig:10   | Identified the +3 barding "Rael" {-Tele rElec rN+ Str+4}
 74678 | Zig:11   | Entered Level 11 of a ziggurat
 74688 | Zig:11   | Noticed Pikuto's ghost (adept MiBe)
 74688 | Zig:11   | Noticed tigertrap's ghost (legendary DgWz)
 74689 | Zig:11   | Noticed Hacvoq's ghost (legendary HOFi)
 74693 | Zig:11   | Identified the +1 hunting sling of Dullness {freeze, rN+
                  | Will+ Str-2}
 74695 | Zig:12   | Entered Level 12 of a ziggurat
 74763 | Zig:12   | Identified the +10 long sword "Niopi" {vamp, rElec rF++
                  | MP+9 Int-5}
 74789 | Zig:12   | Acquired 759 gold pieces
 74791 | Zig:12   | Acquired a +4 ring of slaying
 74798 | Zig:13   | Entered Level 13 of a ziggurat
 74802 | Zig:13   | Noticed a juggernaut
 74804 | Zig:13   | Noticed a juggernaut
 74804 | Zig:13   | Noticed a juggernaut
 74809 | Zig:13   | Killed a juggernaut
 74810 | Zig:13   | Killed a juggernaut
 74810 | Zig:13   | Killed a juggernaut
 74880 | Zig:13   | Identified the +0 helmet of Eri Yfe {-Tele Will+ Stlth+}
 74886 | Zig:14   | Entered Level 14 of a ziggurat
 74903 | Zig:14   | Reached skill level 24 in Earth Magic
 74907 | Zig:14   | Reached skill level 10 in Unarmed Combat
 74986 | Zig:14   | Identified the +8 hunting sling of Disintegration {freeze,
                  | +Blink}
 74996 | Zig:15   | Entered Level 15 of a ziggurat
 75007 | Zig:15   | Noticed a royal mummy
 75008 | Zig:15   | Noticed a royal mummy
 75009 | Zig:15   | Noticed a royal mummy
 75013 | Zig:15   | Killed a royal mummy
 75013 | Zig:15   | Killed a royal mummy
 75021 | Zig:15   | Killed a royal mummy
 75034 | Zig:15   | Identified the +5 battleaxe of Deformation {venom, *Corrode
                  | rElec MP+9 Dex+6}
 75050 | Zig:16   | Entered Level 16 of a ziggurat
 75064 | Zig:16   | Noticed an ancient lich
 75066 | Zig:16   | Killed an ancient lich
 75081 | Zig:16   | Identified the +3 short sword of Purpose {flame, *Noise
                  | rElec rCorr Str+5}
 75082 | Zig:16   | Identified the +0 scale mail "Zaku" {rC- Will+++ Regen+
                  | Str-4}
 75084 | Zig:16   | Identified the +1 scale mail of Ignis's Inspiration {Str+4
                  | Slay+4}
 75175 | Zig:17   | Entered Level 17 of a ziggurat
 75289 | Zig:17   | Identified the -2 pair of boots "Guyho" {rN+ Str-2 Dex+3}
 75294 | Zig:17   | Identified the +8 glaive "Citaepon" {elec, Int+2 Dex+2}
 75299 | Zig:17   | Got Qoxasi's Papyrus of the Glacier
 75324 | Zig:18   | Entered Level 18 of a ziggurat
 75468 | Zig:18   | Reached skill level 15 in Unarmed Combat
 75527 | Zig:18   | Identified the amulet of Miracles {Acrobat Str+3}
 75543 | Zig:18   | Identified the +1 scale mail of Jizoqat {*Corrode rElec
                  | rPois Stlth+}
 75550 | Zig:18   | Got Sif Muna's Disquisition on the Fetching Frostbite
 75550 | Zig:18   | Got Sif Muna's Volume of Virous Fire
 75557 | Zig:19   | Entered Level 19 of a ziggurat
 75698 | Zig:19   | Identified the +1 scale mail of Dramatic Exits {Str+3
                  | Dex+4}
 75724 | Zig:20   | Entered Level 20 of a ziggurat
 75880 | Zig:20   | Found the +8 demon trident "Rift" {distort, reach+}
 75935 | Zig:20   | Identified the +2 quarterstaff of Royalism {venom, rCorr
                  | Str+5 Dex-4 Stlth-}
 75939 | Zig:21   | Entered Level 21 of a ziggurat
 75955 | Zig:21   | Noticed a royal mummy
 75985 | Zig:21   | Noticed a royal mummy
 75989 | Zig:21   | Noticed a royal mummy
 75990 | Zig:21   | Noticed a royal mummy
 75998 | Zig:21   | Killed a royal mummy
 75998 | Zig:21   | Killed a royal mummy
 76001 | Zig:21   | Killed a royal mummy
 76008 | Zig:21   | Noticed a royal mummy
 76010 | Zig:21   | Noticed a royal mummy
 76011 | Zig:21   | Killed a royal mummy
 76011 | Zig:21   | Killed a royal mummy
 76011 | Zig:21   | Noticed a royal mummy
 76012 | Zig:21   | Noticed a royal mummy
 76014 | Zig:21   | Noticed a royal mummy
 76016 | Zig:21   | Killed a royal mummy
 76020 | Zig:21   | Killed a royal mummy
 76021 | Zig:21   | Noticed a royal mummy
 76022 | Zig:21   | Killed a royal mummy
 76025 | Zig:21   | Noticed a royal mummy
 76028 | Zig:21   | Noticed a royal mummy
 76029 | Zig:21   | Killed a royal mummy
 76033 | Zig:21   | Noticed a royal mummy
 76034 | Zig:21   | Killed a royal mummy
 76037 | Zig:21   | Noticed a royal mummy
 76048 | Zig:21   | Killed a royal mummy
 76150 | Zig:21   | Killed a royal mummy
 76158 | Zig:21   | Killed a royal mummy
 76167 | Zig:21   | Killed a royal mummy
 76316 | Zig:21   | Identified the ring "Xaankoam" {Wiz rF+++ Will- rCorr
                  | Str-4}
 76331 | Zig:22   | Entered Level 22 of a ziggurat
 76340 | Zig:22   | Noticed an ancient lich
 76357 | Zig:22   | Noticed an ancient lich
 76360 | Zig:22   | Noticed an ancient lich
 76361 | Zig:22   | Killed an ancient lich
 76366 | Zig:22   | Killed an ancient lich
 76367 | Zig:22   | Killed from afar by an ancient lich

Illustrated notes

Levels and vault maps discovered:
D:1:      lemuel_arrival_hallway, layout_basic, serial_shops, shop
D:2:      layout_loops_ring, hangedman_abyss_or_decor_stabs,
          amcnicky_mini_rare_corridor_liquid, minmay_heptomino_w4, uniq_jessica,
          uniq_robin
D:3:      layout_loops_cross, hellmonk_ecumenical_altar_heavens_door
D:4:      layout_rooms, beargit_hepliaklqana_dungeon_heroes,
          gup_sewer_entry_glass, mrwooster_statue_mirror, serial_bayou_pond_d
D:5:      layout_loops_ring, minmay_temple_entry_proselytizer,
          serial_park_tiny_pond, minivault_19, serial_bayou_ford_a
D:6:      layout_rooms, hex_intersection
D:7:      layout_loops_ring, chequers_serial_rivers_small_a, uniq_harold,
          uniq_duvessa
D:8:      layout_basic
D:9:      layout_cave_pools, david_orc_2, serial_shops, nicolae_square_shop
D:10:     layout_cave_pods, uniq_snorg
D:11:     layout_roguey, lair_entry_dummy, special_room [special_room_orc]
D:12:     layout_loops_ring, uniq_sonja, uniq_psyche
D:13:     layout_stronghold, erik_vaults_2, led_xom_imps
D:14:     layout_roguey [special_room_orc], minivault_19, fiery_altar_vehumet,
          uniq_azrael, uniq_nessos, uniq_kirke
D:15:     gammafunk_depths_entry_grave, layout_cave_pools,
          gammafunk_ghost_fury_of_okawaru, nicolae_wwwww, pond
Temple:   mainiacjoe_temple_circle_huts
Lair:1:   gammafunk_lair_enchanted_lake, layout_loops_ring, patterned_corridor,
          infiniplex_staircase_pool, uniq_fannar
Lair:2:   layout_regular_city
Lair:3:   layout_cave_shapes, minmay_shoals_entry_hut,
          nicolae_spider_entry_non_spiders, nicolae_quartered_pool_super
Lair:4:   layout_misc_corridors, serial_bayou_shore_b
Lair:5:   layout_regular_city, slime_altar_2, lemuel_centaur_altar,
          serial_bayou_shore_a
Lair:6:   due_jungle_book, layout_layer_cave, grunt_megastairs_3
Shoals:1: layout_shoals, serial_shops, nicolae_diamond_shop,
          nicolae_shoals_seven_spires, uniq_roxanne
Shoals:2: layout_shoals, gammafunk_ghost_grave, nicolae_shoals_goliath_grotto
Shoals:3: layout_shoals, uniq_ilsuiw, uniq_polyphemus
Shoals:4: shoals_end_hellmonk_storm_palace [storm_palace_center_circular,
          storm_palace_corner_altar, storm_palace_corner_grid,
          storm_palace_corner_blocked, storm_palace_corner_pillars]
Spider:1: layout_spider_delve, nicolae_spider_jagged_tunnels, uniq_louise
Spider:2: layout_spider_delve, hive_lemuel
Spider:3: layout_spider_delve, hangedman_stitches_earthworm
Spider:4: johnstein_spider_rune_arachne_lair, uniq_arachne, uniq_donald
Orc:1:    layout_diamond_mine
Orc:2:    st_orc_congregation, layout_diamond_mine, serial_shops, shop,
          basic_altar, roderic_batcave, uniq_erolcha
Elf:1:    eino_elf_arrival_altar, layout_rooms, serial_shops,
          nicolae_shop_behind_doors, minmay_elf_crystal_heptagon, orc_legates
Elf:2:    nicolae_elf_blades_splatter_lattice [nicolae_blade_lattice],
          layout_loops_cross, serial_shops, nicolae_shop_statue_plus
Elf:3:    elf_hall, layout_geoelf_castle, serial_shops, shop
Vaults:1: nicolae_vaults_an_arrangement, hangedman_vaults_river_flow,
          nicolae_vaults_what_the_h, vaults_mumra_hex,
          nicolae_vaults_inception_corners, nicolae_vaults_specimen_jars,
          vaults_room_hallway, v_misc_19, ontoclasm_vaults_hangar, v_misc_3,
          grunt_vaults_hallway_long, ontoclasm_vaults_tryst, v_misc_5,
          nicolae_vaults_circle_grid_b, vaults_room_hallway,
          nicolae_vaults_little_squares_1, layout_vaults_maze, uniq_asterion
Vaults:2: nicolae_vaults_theta, st_smaller_cells, ontoclasm_vaults_pinch,
          hangedman_vaults_locks, ontoclasm_vaults_twist,
          nicolae_vaults_shelves_hall, hangedman_vaults_corner, v_pattern_1,
          v_misc_12, v_misc_11, layout_vaults_omnicross, serial_shops,
          nicolae_shop_crystal, uniq_margery
Vaults:3: hangedman_vaults_slither, nicolae_vaults_puzzle_piece,
          hangedman_vaults_stream, nicolae_vaults_alarming,
          ontoclasm_vaults_gateway, st_lattice, vaults_room_pool,
          blue_anna_dwarven_crypt, nicolae_vaults_rhombus_6,
          layout_vaults_omnigrid, serial_shops, nicolae_square_shop
Vaults:4: vaults_mumra_minichess, nicolae_vaults_quartermaster,
          hangedman_vaults_variations, vaults_mumra_lcd, vaults_room_pool,
          vaults_dpeg_encased_lava, ontoclasm_vaults_spin,
          nicolae_vaults_little_squares_3, v_rooms_2, hangedman_vaults_nails,
          layout_vaults_big_room
Vaults:5
Crypt:1:  layout_chaotic_city, gammafunk_ghost_split, grunt_crypt_arrival_webbed
Crypt:2:  layout_catacombs, minmay_misc_feat_alley, corexii_hall_statues_i,
          grunt_megastairs_5, uniq_jory, uniq_mara
Crypt:3:  due_elkab, layout_chaotic_city
Tomb:1
Tomb:2
Tomb:3
Depths:1: layout_roguey, special_room [special_room_morgue],
          minmay_room_of_horrors, hell_entry, serial_shops, nicolae_square_shop,
          kennysheep_cross_room, pandoras_box_mu, grunt_megastairs_1,
          uniq_saint_roka
Depths:2: minmay_chopped_fan, layout_cave_pools, hell_entry,
          minmay_stone_trees_small, grunt_pan_entry_zigzag, corexii_corridor_pit
Depths:3: lemuel_flame_loot_2, layout_gridville, enter_ziggurat_f, serial_bayou,
          serial_bayou_pond_d, serial_bayou_shore_b, serial_bayou_lagoon_a,
          serial_bayou_lake_a, serial_bayou_crossing, pf_hell_entry_tar_river,
          small_statue_intersection, abyss_entry,
          hangedman_abyss_or_decor_clamps, infiniplex_staircase_spiral,
          uniq_boris
Depths:4: grunt_zot_entry_alcove, layout_cave_pools, hell_entry
Hell
Zot:1:    layout_basic
Zot:2:    layout_onion_interference
Zot:3:    nicolae_zot_stationary_front, layout_onion, st_stairs_11
Zot:4:    lemuel_halls_of_wrath, layout_gridlike, lemuel_lich_library
Zot:5:    layout_onion
Zig:22

Skill      XL: |  1  2  3  4  5  6  7  8  9 10 11 12 13 14 15 16 17 18 19 20 21 22 23 24 25 26 27 |
---------------+----------------------------------------------------------------------------------+-----
Armour         | 1 |  1.0
Throwing       | 1 2 3 4 5 6 8 12 | 12.0
Long Blades    | 2 3 |  3.8
Dodging        | 2 3 7 8 11 12 | 12.0
Stealth        | 1 2 3 5 8 10 | 10.0
Short Blades   | 1 3 6 8 10 12 13 | 13.7
Shields        | 3 5 8 10 12 14 15 | 15.0
Translocations | 4 7 |  7.0
Fighting       | 3 8 10 11 12 13 15 17 19 21 22 | 22.4
Invocations    | 8 10 11 14 | 14.6
Evocations     | 6 10 12 | 12.0
Transmutations | 7 10 12 17 | 17.0
Earth Magic    | 7 10 11 12 14 16 18 20 22 23 24 | 24.0
Spellcasting   | 4 5 7 9 11 13 | 13.0
Necromancy     | 8 17 | 17.0
Unarmed Combat | 20 | 20.6

Action                   |  1- 3 |  4- 6 |  7- 9 | 10-12 | 13-15 | 16-18 | 19-21 | 22-24 | 25-27 || total
-------------------------+-------+-------+-------+-------+-------+-------+-------+-------+-------++-------
Melee: Falchion          |   106 |   191 |       |       |       |       |       |       |       ||   297
       Rapier            |       |    35 |   202 |   512 |  1609 |  1250 |  2012 |  2295 |  2549 || 10464
       Unarmed           |       |       |       |       |     5 |       |       |       |    22 ||    27
       Kick              |       |       |       |       |       |       |       |       |     1 ||     1
Throw: Boomerang         |     5 |       |       |       |    65 |     1 |    23 |    74 |   167 ||   335
       Dart              |     5 |    15 |    14 |    50 |    43 |   168 |       |       |       ||   295
       Throwing net      |       |       |       |       |     1 |       |       |       |       ||     1
       Javelin           |       |       |       |       |       |       |       |       |    28 ||    28
 Cast: Blink             |       |     1 |     6 |     7 |    10 |     8 |    24 |    15 |    22 ||    93
       Statue Form       |       |       |       |       |       |    52 |    65 |    97 |    61 ||   275
       Passage of Golubr |       |       |       |       |       |       |     1 |     3 |       ||     4
       Shatter           |       |       |       |       |       |       |       |       |    98 ||    98
       Apportation       |       |       |       |       |       |       |       |       |    63 ||    63
       Necromutation     |       |       |       |       |       |       |       |       |    50 ||    50
Invok: Slouch            |       |       |       |       |     1 |    15 |     6 |     3 |    11 ||    36
       Temporal Distorti |       |       |       |       |       |     3 |       |     1 |       ||     4
       Step From Time    |       |       |       |       |       |       |       |       |     6 ||     6
 Abil: End Transformatio |       |       |       |       |       |       |     1 |       |     4 ||     5
Evoke: Wand              |       |       |     4 |     7 |    10 |    16 |     3 |     2 |    33 ||    75
       Box of beasts     |       |       |       |       |     1 |     3 |     2 |     1 |     3 ||    10
       Condenser vane    |       |       |       |       |       |     1 |     7 |     6 |    17 ||    31
       Tin of tremorston |       |       |       |       |       |       |     9 |     7 |    21 ||    37
       Figurine of a zig |       |       |       |       |       |       |       |       |     1 ||     1
  Use: Scroll            |       |     4 |    11 |     5 |     8 |    10 |     6 |     7 |    42 ||    93
       Potion            |       |     1 |     8 |     5 |     1 |     6 |     7 |     2 |    27 ||    57
 Stab: Sleeping          |       |     1 |     2 |    10 |    21 |    25 |    38 |    22 |     8 ||   127
       Distracted        |       |       |     1 |       |     8 |     2 |    14 |     7 |    11 ||    43
       Paralysed         |       |       |     1 |       |     4 |     5 |    12 |     9 |    31 ||    62
       Held in net/web   |       |       |       |       |     3 |       |       |       |       ||     3
       Confused          |       |       |       |       |       |       |       |       |     1 ||     1
       Invisible         |       |       |       |       |       |       |       |       |     3 ||     3
Armor: Leather armour    |    45 |   116 |    52 |       |       |       |       |       |       ||   213
       Troll leather arm |       |       |       |   132 |   242 |    52 |    83 |    85 |   660 ||  1254
       Skin              |       |       |       |    11 |       |   466 |   625 |   784 |   495 ||  2381
       Robe              |       |       |       |       |       |    21 |       |       |       ||    21
Dodge: Dodged            |    67 |   185 |   120 |   192 |   506 |   835 |  1286 |  1431 |  2366 ||  6988
Block: Kite shield       |       |       |       |    99 |   877 |   990 |  1467 |  1603 |  2194 ||  7230

Table legend: (Time is in decaauts)
 A = Elapsed time spent in this place.
 B = Non-inter-level travel time spent in this place.
 C = Inter-level travel time spent in this place.
 D = Time resting spent in this place.
 E = Time spent auto-exploring this place.
 F = Levels seen in this place.
 G = Mean time per level.
                   A        B        C        D        E       F      G
               +--------+--------+--------+--------+--------+-----+--------+
         Total | 114058 | 102177 |  11881 |   2775 |  73577 |  98 | 1163.9 |
       Dungeon |  20292 |  17552 |   2740 |    353 |  14355 |  15 | 1352.8 |
        Temple |    336 |    271 |     65 |      0 |    250 |   1 |  336.0 |
          Lair |  11870 |  10394 |   1476 |     60 |   8572 |   6 | 1978.3 |
        Shoals |   6702 |   6225 |    477 |     39 |   4331 |   4 | 1675.5 |
   Spider Nest |   7691 |   7381 |    310 |      0 |   5557 |   4 | 1922.8 |
  Orcish Mines |   3114 |   2430 |    684 |      0 |   1754 |   2 | 1557.0 |
   Elven Halls |   8508 |   7953 |    555 |    433 |   5750 |   3 | 2836.0 |
        Vaults |  16266 |  13594 |   2672 |    192 |  10079 |   5 | 3253.2 |
         Crypt |   8041 |   7419 |    622 |      6 |   5825 |   3 | 2680.3 |
          Tomb |   5187 |   4860 |    327 |    371 |   2676 |   3 | 1729.0 |
        Depths |  11135 |   9717 |   1418 |    841 |   6647 |   4 | 2783.8 |
          Hell |   1005 |    978 |     27 |      0 |    722 |   1 | 1005.0 |
           Zot |   7297 |   6792 |    505 |     69 |   4961 |   5 | 1459.4 |
         Abyss |   1998 |   1998 |      0 |      0 |   1110 |   6 |  333.0 |
      Ziggurat |   4474 |   4474 |      0 |    410 |    954 |  35 |  127.8 |
         Sewer |    134 |    134 |      0 |      0 |     30 |   1 |  134.0 |
               +--------+--------+--------+--------+--------+-----+--------+

Top non-repeatable levels by time:
Depths:1: 3969 daAuts
   Elf:1: 3650 daAuts
Vaults:1: 3632 daAuts
Depths:3: 3582 daAuts
Vaults:3: 3495 daAuts
Vaults:2: 3492 daAuts
   Elf:3: 3406 daAuts
 Crypt:2: 3367 daAuts
 Crypt:3: 3137 daAuts
  Lair:1: 3065 daAuts
Vaults:4: 3043 daAuts
  Tomb:1: 2769 daAuts
  Lair:6: 2749 daAuts
Vaults:5: 2602 daAuts
   Zot:4: 2383 daAuts
